 Dungeon Crawl Stone Soup version 0.17.0-23-g0de4337 (webtiles) character file.

1381 Gruud the Ruffian (level 8, -3/63 HPs)
             Began as a Demonspawn Gladiator on Nov 14, 2015.
             Slain by an orc warrior
             ... wielding a +0 dire flail
              (6 damage)
             ... on level 6 of the Dungeon.
             The game lasted 00:23:05 (5087 turns).

Gruud the Ruffian (Demonspawn Gladiator)            Turns: 5087, Time: 00:23:05

Health: -3/63      AC: 14    Str: 16    XL:     8   Next: 39%
Magic:  0/8        EV:  5    Int: 11    God:    Xom [...*..]
Gold:   100        SH:  0    Dex: 14    Spells: 0 memorised, 7 levels left

rFire  + . .     SeeInvis .       - Unarmed
rCold  . . .     Clarity  .     z - +0 plate armour
rNeg   . . .     SustAt   .     (no shield)
rPois  .         Gourm    .     (helmet restricted)
rElec  .         Spirit   +     x - +0 cloak
rCorr  .         Warding  .     (no gloves)
rMut   .         Stasis   .     (no boots)
MR     .....                    a - amulet of guardian spirit
Stlth  ..........               (no ring)
                                o - +2 ring of protection

@: drained, not resistant to hostile enchantments, extremely unstealthy
A: antennae 1, demonic guardian 1, fire resistance 1
a: Renounce Religion


You were on level 6 of the Dungeon.
You worshipped Xom.
You were a favourite toy of Xom.
You were not hungry.

You visited 2 branches of the dungeon, and saw 7 of its levels.

You collected 305 gold pieces.
You spent 205 gold pieces at shops.

Inventory:

Hand Weapons
 b - a +2 blowgun
Missiles
 c - 3 throwing nets (quivered)
 m - 4 needles of slowing
Armour
 r - a +0 chain mail
 x - a +0 cloak (worn)
 z - a +0 plate armour (worn)
Jewellery
 a - an amulet of guardian spirit (around neck)
 o - a +2 ring of protection (left hand)
Scrolls
 e - 5 scrolls of remove curse
 g - 2 scrolls of fog {unknown}
 k - 3 scrolls of teleportation
 t - a scroll of fear {unknown}
 y - 3 scrolls of random uselessness {unknown}
Potions
 i - a potion of experience {unknown}
 j - 3 potions of agility
 n - a potion of mutation {unknown}
 q - a potion of flight {unknown}
 s - a potion of beneficial mutation {unknown}
 u - a potion of curing
 v - 2 potions of might
 w - a potion of heal wounds
Comestibles
 d - 4 bread rations
 f - 4 meat rations
 h - 2 chunks of flesh
 l - 5 beef jerkies
 p - 2 slices of pizza
 A - 2 fruits


   Skills:
 + Level 5.4(5.1) Fighting
 - Level 1.7(1.4) Throwing
 + Level 4.2(3.9) Armour
 - Level 3.0(2.7) Dodging
 * Level 7.2(6.9) Unarmed Combat


You had 7 spell levels left.
You didn't know any spells.

Dungeon Overview and Level Annotations

Branches:
Dungeon (6/15)             Temple (1/1) D:4

Altars:
Ashenzari
Cheibriados
Dithmenos
Elyvilon
Fedhas
Gozag
Kikubaaqudgha
Makhleb
Nemelex Xobeh
Okawaru
Qazlal
Ru
Sif Muna
Trog
Vehumet
Xom
Yredelemnul
Zin
The Shining One

Shops:
D:5 =(!   D:6 %


Innate Abilities, Weirdness & Mutations

You have a pair of small antennae on your head.
A weak demonic guardian rushes to your aid.
Your flesh is heat resistant.


Message History

The orc warrior hits you with a dire flail!
* * * LOW HITPOINT WARNING * * *
The orc priest hits your quasit but does no damage.
Your quasit bites the orc warrior but does no damage.
Your quasit barely misses the orc warrior.
Your quasit claws the orc warrior.
You closely miss the orc warrior.
The orc warrior is severely wounded.
The orc warrior hits you with a dire flail!
* * * LOW HITPOINT WARNING * * *
Your quasit bites the orc warrior.
Your quasit claws the orc warrior but does no damage. x2
The orc priest looks braver for a moment.
You hit the orc warrior.
The orc warrior is almost dead.
Your quasit bites the orc warrior.
Your quasit closely misses the orc warrior.
Your quasit claws the orc warrior but does no damage.
The orc warrior hits you with a dire flail.
You die...

######.#
#####....#.# .
#...#.##.#.# .o
#.#.#.##...#
..h
####.#...######
... #....#####
.. { #.####
#o#####.#
#.5o@...#
#########


You could see an orc warrior, an orc priest and a friendly quasit.

Vanquished Creatures
  Sigmund (D:6)
  Menkaure (D:5)
  An orc warrior (D:6)
  A necrophage (D:6)
  An ogre (D:5)
  A centaur (D:5)
  A giant frog (D:6)
  A water moccasin skeleton (D:4)
  2 wights (D:6)
  A crimson imp (D:6)
  2 hounds (D:5)
  3 orc priests
  A giant frog skeleton (D:5)
  An orc wizard (D:4)
  2 worker ants
  8 adders
  7 gnolls
  A river rat (D:6)
  6 worms
  5 giant geckos
  17 orcs
  6 giant cockroaches
  10 hobgoblins
  2 jackals (D:3)
  9 kobolds
  5 bats
  4 giant newts
  5 goblins
  2 quokkas
  8 rats
115 creatures vanquished.

Vanquished Creatures (collateral kills)
  A scorpion (D:4)
  An orc (D:6)
  2 jackals (D:6)
4 creatures vanquished.

Grand Total: 119 creatures vanquished

Notes
Turn   | Place    | Note
--------------------------------------------------------------
     0 | D:1      | Gruud the Demonspawn Gladiator began the quest for the Orb.
     0 | D:1      | Reached XP level 1. HP: 16/16 MP: 1/1
    87 | D:1      | Reached skill level 3 in Unarmed Combat
   125 | D:1      | Gained mutation: Your flesh is heat resistant. [demonic ancestry]
   125 | D:1      | Reached XP level 2. HP: 12/22 MP: 2/2
   835 | D:1      | Gained mutation: You have a pair of small antennae on your head. [demonic ancestry]
   835 | D:1      | Reached XP level 3. HP: 26/28 MP: 3/3
   975 | D:2      | Found a white marble altar of Elyvilon.
   985 | D:2      | Found an opulent altar of Gozag.
   986 | D:2      | Found a bloodstained altar of Trog.
   990 | D:2      | Found a sacrificial altar of Ru.
   991 | D:2      | Found a glowing silver altar of Zin.
  1687 | D:3      | Reached XP level 4. HP: 23/34 MP: 4/4
  1961 | D:3      | Reached skill level 4 in Unarmed Combat
  1970 | D:3      | Reached skill level 1 in Armour
  2056 | D:3      | Reached XP level 5. HP: 29/41 MP: 5/5
  2579 | D:4      | Gained mutation: A weak demonic guardian rushes to your aid. [demonic ancestry]
  2579 | D:4      | Reached XP level 6. HP: 13/48 MP: 6/6
  2979 | D:4      | Found a staircase to the Ecumenical Temple.
  3026 | D:4      | Reached skill level 5 in Unarmed Combat
  3077 | Temple   | Entered the Ecumenical Temple
  3111 | Temple   | Became a worshipper of Xom the Random Number God
  3154 | D:4      | XOM: harmless Pois miscast
  3222 | D:5      | Entered Level 5 of the Dungeon
  3294 | D:5      | Found a stormy altar of Qazlal.
  3328 | D:5      | Found Ihayps's Distillery.
  3336 | D:5      | Bought a potion of curing for 30 gold pieces
  3336 | D:5      | Bought 2 potions of might for 80 gold pieces
  3336 | D:5      | Bought a potion of heal wounds for 50 gold pieces
  3336 | D:5      | Bought a potion of poison for 10 gold pieces
  3438 | D:5      | XOM: mild Fire miscast
  3448 | D:5      | XOM: harmless Hex miscast
  3460 | D:5      | Found Foidgh's Weapon Shop.
  3469 | D:5      | Bought a +0 blowgun for 35 gold pieces
  3558 | D:5      | XOM: summons 2 friendly demons
  3571 | D:5      | Reached XP level 7. HP: 41/54 MP: 4/7
  3665 | D:5      | Found Jaobef's Jewellery Shoppe.
  3743 | D:5      | XOM: medium Tloc miscast
  3823 | D:5      | Found a blossoming altar of Fedhas.
  3868 | D:5      | Reached skill level 6 in Unarmed Combat
  3888 | D:5      | Found a deep blue altar of Sif Muna.
  4034 | D:5      | Noticed Menkaure
  4039 | D:5      | Killed Menkaure
  4216 | D:6      | XOM is BORED!
  4216 | D:6      | XOM: 1-stop teleportation journey
  4217 | D:6      | Noticed Sigmund
  4227 | D:6      | XOM: harmless Pois miscast
  4237 | D:6      | Killed Sigmund
  4237 | D:6      | Reached skill level 5 in Fighting
  4237 | D:6      | Reached XP level 8. HP: 42/62 MP: 5/8
  4434 | D:6      | XOM: blink monster(s)
  4459 | D:6      | XOM: harmless Hex miscast
  4499 | D:6      | XOM: mild Erth miscast
  4501 | D:6      | XOM: enchant monster (bad)
  4516 | D:6      | XOM: enchant monster (good)
  4517 | D:6      | Reached skill level 7 in Unarmed Combat
  4527 | D:6      | XOM: enchant monster (bad)
  4530 | D:6      | XOM: blink monster(s)
  4939 | D:6      | Found Ynyedu's Food Shoppe.
  4952 | D:6      | XOM: polymorph iguana -> river rat
  5086 | D:6      | HP: 3/63 [orc warrior/dire flail (14)]
  5087 | D:6      | Slain by an orc warrior

Action                   |  1- 3 |  4- 6 |  7- 9 || total
-------------------------+-------+-------+-------++-------
Melee: Unarmed           |   188 |   307 |   189 ||   684
Throw: Throwing net      |     2 |       |       ||     2
  Use: Scroll            |     4 |     3 |     1 ||     8
       Potion            |       |     1 |     1 ||     2
 Stab: Held in net/web   |     3 |       |       ||     3
       Distracted        |       |       |     1 ||     1
  Eat: Chunk             |     3 |     6 |     5 ||    14
